[Event "10th LCC FIDE Open 2018"]
[Site "London"]
[Date "2018.12.16"]
[Round "9"]
[White "Sowray, Peter J"]
[Black "Beckett, Chris J"]
[Result "1-0"]
[ECO "A65"]
[WhiteElo "2342"]
[BlackElo "2165"]
[Annotator "NA"]
[PlyCount "111"]
[EventDate "2018.12.09"]
[EventType "swiss"]
[EventCountry "ENG"]
[SourceTitle "playchess.com"]
[Source "ChessBase"]
[SourceQuality "1"]
[TimeControl "40/5400+30:1800+30"]

1. d4 Nf6 2. c4 c5 3. d5 e6 4. Nc3 exd5 5. cxd5 d6 6. e4 g6 7. Nge2 Bg7 8. Ng3 a6 9. a4 h5 10. Be2 Nbd7 11. Bg5 Qa5 12. O-O h4 13. Nh1 h3 14. g3 O-O 15. f3 Nh7 16. Be3 Qb4 17. Rb1 Nb6 18. Qc2 f5 19. a5 Nc4 20. Bxc4 Qxc4 21. Nf2 Bd7 22. Bf4 Rfe8 23. Qd2 Bd4 24. Bxd6 fxe4 25. fxe4 Nf6 26. Qh6 Ng4 27. Qxg6+ Kh8 28. Rbd1 Nxf2 29. Rxf2 Bxf2+ 30. Kxf2 Ba4 31. Rd2 Rf8+ 32. Bf4 Bd7 33. Ke3 Rae8 34. Qh5+ Kg8 35. Be5 Rxe5 36. Qxe5 Qf1 37. Qg5+ Kh7 38. Qh5+ Kg8 39. Qd1 Qf6 40. Kd3 Qd8 41. Qh5 Qxa5 42. Qg6+ Kh8 43. Qh6+ Kg8 44. Qg5+ Kh8 45. Qe7 Bb5+ 46. Ke3 Rf1 47. Qh4+ Kg7 48. Qg4+ Kf7 49. Qxh3 Qa1 50. Qh5+ Kg8 51. Nxb5 axb5 52. d6 Rf7 53. Qd1 Qa6 54. Qg4+ Kh7 55. Rd5 Rg7 56. Rh5+ 1-0

[Event "10th LCC FIDE Open 2018"]
[Site "London"]
[Date "2018.12.16"]
[Round "9"]
[White "Bradbury, Neil H"]
[Black "Czopor, Maciej"]
[Result "1-0"]
[ECO "E21"]
[WhiteElo "2336"]
[BlackElo "2164"]
[Annotator "NA"]
[PlyCount "131"]
[EventDate "2018.12.09"]
[EventType "swiss"]
[EventCountry "ENG"]
[SourceTitle "playchess.com"]
[Source "ChessBase"]
[SourceQuality "1"]
[TimeControl "40/5400+30:1800+30"]

1. d4 Nf6 2. c4 b6 3. Nc3 Bb7 4. Nf3 e6 5. g3 Bb4 6. Bg2 Bxc3+ 7. bxc3 O-O 8. O-O d6 9. Re1 Nbd7 10. a4 a5 11. Ba3 Re8 12. Qb3 Qc8 13. Bh3 Ne4 14. Rad1 Rb8 15. Qc2 Qd8 16. Bg2 Qf6 17. Rf1 Qe7 18. Ne1 f5 19. Nd3 Qf7 20. f3 Nef6 21. Bh3 g6 22. e4 fxe4 23. fxe4 Bxe4 24. Rde1 Qg7 25. Qe2 Bf5 26. g4 Bxd3 27. Qxd3 g5 28. Bc1 Re7 29. Bg2 h6 30. h3 Nf8 31. c5 Ng6 32. cxd6 cxd6 33. Qc4 d5 34. Qc6 Nf8 35. Ba3 Rc7 36. Qd6 Rbc8 37. Rxe6 Rd7 38. Qxb6 Nxe6 39. Qxe6+ Qf7 40. Rxf6 Qxe6 41. Rxe6 Rxc3 42. Bc5 Rc1+ 43. Kh2 Rc2 44. Re3 Ra2 45. Ra3 Rb2 46. Kg3 Kg7 47. Re3 Rc2 48. Bf3 Ra2 49. Re5 Rxa4 50. Bxd5 Ra1 51. Bc6 Rf7 52. d5 Rc1 53. Bd4 Rd1 54. Bc3 Rg1+ 55. Kh2 Rc1 56. Re3+ Kh7 57. d6 Rd1 58. d7 Rfxd7 59. Bxd7 Rxd7 60. Bxa5 Rd6 61. Bc3 Rc6 62. Kg3 Ra6 63. Kf3 Rc6 64. Ke4 Re6+ 65. Be5 Ra6 66. Rd3 1-0

[Event "10th LCC FIDE Open 2018"]
[Site "London"]
[Date "2018.12.16"]
[Round "9"]
[White "Derakhshani, Borna"]
[Black "Georgescu, Lena"]
[Result "1/2-1/2"]
[ECO "D02"]
[WhiteElo "2325"]
[BlackElo "2162"]
[Annotator "NA"]
[PlyCount "79"]
[EventDate "2018.12.09"]
[EventType "swiss"]
[EventCountry "ENG"]
[SourceTitle "playchess.com"]
[Source "ChessBase"]
[SourceQuality "1"]
[TimeControl "40/5400+30:1800+30"]

1. d4 Nf6 2. Bf4 e6 3. e3 d5 4. Nd2 Bd6 5. Bg3 O-O 6. Bd3 c5 7. c3 Qc7 8. Ngf3 Nbd7 9. O-O e5 10. e4 exd4 11. cxd4 Bxg3 12. hxg3 dxe4 13. Nxe4 cxd4 14. Nxd4 Nxe4 15. Bxe4 Nf6 16. Bf3 Qb6 17. Qd2 Rd8 18. Rfd1 Bg4 19. Bxg4 Nxg4 20. Qf4 Nf6 21. Rd2 g6 22. Rad1 Rd5 23. Nf3 Rxd2 24. Qxd2 Rc8 25. Re1 Re8 26. Rxe8+ Nxe8 27. g4 h6 28. b3 Nf6 29. Ne5 Kg7 30. Nc4 Qe6 31. Ne3 Qe4 32. f3 Qe5 33. Nc4 Qc5+ 34. Kf1 b5 35. Ne3 h5 36. b4 Qe5 37. gxh5 Nxh5 38. Ng4 Qa1+ 39. Kf2 Nf6 40. Nxf6 1/2-1/2

[Event "10th LCC FIDE Open 2018"]
[Site "London"]
[Date "2018.12.16"]
[Round "9"]
[White "Fischer, Daniel"]
[Black "Woong, Zhi Wei William"]
[Result "1/2-1/2"]
[ECO "B42"]
[WhiteElo "2324"]
[BlackElo "2146"]
[Annotator "NA"]
[PlyCount "83"]
[EventDate "2018.12.09"]
[EventType "swiss"]
[EventCountry "ENG"]
[SourceTitle "playchess.com"]
[Source "ChessBase"]
[SourceQuality "1"]
[TimeControl "40/5400+30:1800+30"]

1. e4 c5 2. Nf3 e6 3. d4 cxd4 4. Nxd4 a6 5. Bd3 Nf6 6. O-O e5 7. Bg5 d6 8. Nf5 Be6 9. Bxf6 Qxf6 10. Ne3 Nd7 11. Nc3 Rc8 12. Ncd5 Qg5 13. Qe2 Be7 14. Rad1 O-O 15. Bc4 Rfd8 16. Qf3 Bf8 17. Bb3 Nc5 18. c3 g6 19. g3 Bh3 20. Nb6 Nxb3 21. Nxc8 Bxf1 22. Kxf1 Nd4 23. cxd4 exd4 24. Rxd4 Rxc8 25. Rd5 Qe7 26. Qf4 Bg7 27. b3 Re8 28. Nc4 Qxe4 29. Qxe4 Rxe4 30. Nxd6 Re7 31. Nc4 Bf6 32. Rd6 Kg7 33. Ne3 Re6 34. Rd7 Re7 35. Rd3 h5 36. Kg2 Rc7 37. Rd6 Bg5 38. Nc4 Be7 39. Rd5 b5 40. Ne3 Bc5 41. Kf3 Kf6 42. Rd2 1/2-1/2

[Event "10th LCC FIDE Open 2018"]
[Site "London"]
[Date "2018.12.16"]
[Round "9"]
[White "Kueppers, Timo"]
[Black "Wilks, Simon"]
[Result "1-0"]
[ECO "C03"]
[WhiteElo "2320"]
[BlackElo "2019"]
[Annotator "NA"]
[PlyCount "75"]
[EventDate "2018.12.09"]
[EventType "swiss"]
[EventCountry "ENG"]
[SourceTitle "playchess.com"]
[Source "ChessBase"]
[SourceQuality "1"]
[TimeControl "40/5400+30:1800+30"]

1. e4 e6 2. d4 d5 3. Nd2 h6 4. Ngf3 Nf6 5. e5 Nfd7 6. c4 dxc4 7. Nxc4 Nb6 8. a3 Bd7 9. Na5 Qc8 10. Bd3 Nc6 11. Nb3 Ne7 12. Nc5 Bc6 13. O-O Ned5 14. b4 a6 15. Bb2 Bb5 16. Rc1 Nf4 17. Bxb5+ axb5 18. g3 Nfd5 19. Nd2 c6 20. Qe2 Be7 21. f4 g6 22. g4 g5 23. f5 Nf4 24. Qe4 Nbd5 25. Ndb3 Bd8 26. Rc2 h5 27. Bc1 hxg4 28. fxe6 b6 29. exf7+ Kf8 30. Nd3 Nh3+ 31. Kh1 g3 32. e6 Qc7 33. Ne5 Ne7 34. Nd7+ Kg7 35. f8=Q+ Rxf8 36. Rxf8 Ng6 37. Rf7+ Kh6 38. Ne5 1-0

[Event "10th LCC FIDE Open 2018"]
[Site "London"]
[Date "2018.12.16"]
[Round "9"]
[White "Ronka, Erik"]
[Black "Eche, Sylvain"]
[Result "1-0"]
[ECO "D93"]
[WhiteElo "2281"]
[BlackElo "2136"]
[Annotator "NA"]
[PlyCount "55"]
[EventDate "2018.12.09"]
[EventType "swiss"]
[EventCountry "ENG"]
[SourceTitle "playchess.com"]
[Source "ChessBase"]
[SourceQuality "1"]
[TimeControl "40/5400+30:1800+30"]

1. d4 Nf6 2. c4 g6 3. Nc3 d5 4. Bf4 c6 5. e3 Bg7 6. Nf3 O-O 7. Bd3 dxc4 8. Bxc4 Bf5 9. O-O Ne4 10. Qb3 Qb6 11. Qa3 c5 12. Nd5 Qd8 13. dxc5 Nd7 14. c6 bxc6 15. Bc7 cxd5 16. Bxd8 dxc4 17. Bxe7 Rfb8 18. Nd4 Rb7 19. f3 Nef6 20. Nxf5 gxf5 21. Rad1 Ne5 22. Rd8+ Rxd8 23. Bxd8 Nd5 24. Qc5 Rd7 25. Qc8 Bf8 26. f4 Nxe3 27. fxe5 Rd2 28. Be7 1-0

[Event "10th LCC FIDE Open 2018"]
[Site "London"]
[Date "2018.12.16"]
[Round "9"]
[White "Dauletova, Gulmira"]
[Black "Tozer, Philip A A"]
[Result "1-0"]
[ECO "C12"]
[WhiteElo "2261"]
[BlackElo "2137"]
[Annotator "NA"]
[PlyCount "59"]
[EventDate "2018.12.09"]
[EventType "swiss"]
[EventCountry "ENG"]
[SourceTitle "playchess.com"]
[Source "ChessBase"]
[SourceQuality "1"]
[TimeControl "40/5400+30:1800+30"]

1. e4 e6 2. d4 d5 3. Nc3 Nf6 4. Bg5 Bb4 5. e5 h6 6. Bd2 Bxc3 7. bxc3 Ne4 8. Qg4 Kf8 9. Nf3 c5 10. Bd3 Nxd2 11. Nxd2 c4 12. Be2 Nc6 13. h4 Bd7 14. Rh3 Ne7 15. Nf1 Nf5 16. Qf4 Qe7 17. Qh2 h5 18. Bxh5 Rxh5 19. g4 Rxh4 20. gxf5 Rxh3 21. Qxh3 Ke8 22. Ne3 f6 23. exf6 Qxf6 24. Kd2 Ke7 25. Rg1 Kd6 26. Rg6 Qe7 27. Qg3+ Kc6 28. Ng4 Kb5 29. Qc7 Qd8 30. Qe5 1-0

[Event "10th LCC FIDE Open 2018"]
[Site "London"]
[Date "2018.12.16"]
[Round "9"]
[White "Tomaszewski, Kacper"]
[Black "Keely, Leo A"]
[Result "1-0"]
[ECO "E73"]
[WhiteElo "2259"]
[BlackElo "1964"]
[Annotator "NA"]
[PlyCount "143"]
[EventDate "2018.12.09"]
[EventType "swiss"]
[EventCountry "ENG"]
[SourceTitle "playchess.com"]
[Source "ChessBase"]
[SourceQuality "1"]
[TimeControl "40/5400+30:1800+30"]

1. d4 Nf6 2. c4 g6 3. Nc3 Bg7 4. e4 d6 5. Be2 O-O 6. Be3 c6 7. h3 e5 8. d5 cxd5 9. cxd5 a6 10. g4 b5 11. g5 Nfd7 12. Nf3 f5 13. gxf6 Nxf6 14. Ng5 Qe7 15. Qb3 Nbd7 16. Ne6 Rf7 17. a4 bxa4 18. Qxa4 Rb8 19. Qc4 Qe8 20. Qc7 Rxb2 21. Qxd6 Rc2 22. Qa3 Bf8 23. Nxf8 Qxf8 24. Qb3 Rxc3 25. Qxc3 Nxe4 26. Qa3 Rxf2 27. Qxf8+ Rxf8 28. Bxa6 Ndf6 29. Bc4 Nd6 30. Bb3 Nfe4 31. Bh6 Rd8 32. Ra7 Nf5 33. Bc1 Nd4 34. Bc4 Bf5 35. d6+ Kh8 36. Bh6 Bd7 37. O-O Nf5 38. Bd5 Nxh6 39. Bxe4 Nf5 40. Bxf5 Bxf5 41. Rd1 Bxh3 42. Re7 Kg8 43. Kf2 Bf5 44. Rxe5 h5 45. Kg3 Kf7 46. Ra5 Rd7 47. Rc5 Ke6 48. Rc6 Ke5 49. Ra6 Ke6 50. Re1+ Kd5 51. Kf4 Rd8 52. Re5+ Kd4 53. Ra4+ Kc3 54. Re3+ Kb2 55. Rb4+ Kc2 56. Rc4+ Kb2 57. Rd4 Kc2 58. Kg5 Rd7 59. Kf6 h4 60. Re7 Rd8 61. Rc7+ Kb3 62. d7 h3 63. Rd6 Kb4 64. Rb6+ Ka5 65. Rbb7 h2 66. Rc1 Bxd7 67. Ra1+ Ba4 68. Ra7+ Kb5 69. Rb1+ Kc5 70. Rxa4 Rd2 71. Rh1 Kd6 72. Rh4 1-0

[Event "10th LCC FIDE Open 2018"]
[Site "London"]
[Date "2018.12.16"]
[Round "9"]
[White "Barrish, Daniel"]
[Black "Seymour, Timothy P"]
[Result "0-1"]
[ECO "E06"]
[WhiteElo "2252"]
[BlackElo "2080"]
[Annotator "NA"]
[PlyCount "86"]
[EventDate "2018.12.09"]
[EventType "swiss"]
[EventCountry "ENG"]
[SourceTitle "playchess.com"]
[Source "ChessBase"]
[SourceQuality "1"]
[TimeControl "40/5400+30:1800+30"]

1. d4 Nf6 2. c4 e6 3. Nf3 d5 4. g3 Bb4+ 5. Bd2 Be7 6. Bg2 O-O 7. O-O c6 8. Qc2 b6 9. Bf4 Ba6 10. b3 Nbd7 11. Ne5 Nxe5 12. Bxe5 Rc8 13. Rd1 Qd7 14. Nd2 Ng4 15. Bf4 g5 16. Bf3 Nxf2 17. Kxf2 gxf4 18. gxf4 Kh8 19. Kg2 Bf6 20. Qd3 c5 21. e3 Rfd8 22. Rac1 cxd4 23. exd4 dxc4 24. Nxc4 Qxd4 25. Qxd4 Bxd4 26. Ne5 Bxe5 27. fxe5 Rxd1 28. Rxd1 Bb5 29. a4 Rc2+ 30. Kg3 Bc6 31. Bxc6 Rxc6 32. Rd7 Kg7 33. Rxa7 Rc3+ 34. Kf4 Rxb3 35. a5 bxa5 36. Rxa5 Kg6 37. Ra2 Rb4+ 38. Kf3 Kf5 39. Ra7 Rb3+ 40. Kg2 Kg6 41. Ra8 Rb5 42. Rg8+ Kh6 43. Rf8 Kg7 0-1

[Event "10th LCC FIDE Open 2018"]
[Site "London"]
[Date "2018.12.16"]
[Round "9"]
[White "Roe, Simon J"]
[Black "Bin-Suhayl, Ieysaa"]
[Result "0-1"]
[ECO "A31"]
[WhiteElo "2223"]
[BlackElo "2038"]
[Annotator "NA"]
[PlyCount "108"]
[EventDate "2018.12.09"]
[EventType "swiss"]
[EventCountry "ENG"]
[SourceTitle "playchess.com"]
[Source "ChessBase"]
[SourceQuality "1"]
[TimeControl "40/5400+30:1800+30"]

1. Nf3 Nf6 2. c4 c5 3. g3 Nc6 4. Bg2 d6 5. Nc3 g6 6. d4 cxd4 7. Nxd4 Bd7 8. Nc2 Bg7 9. Bd2 O-O 10. Rc1 Rb8 11. Ne3 Ne5 12. b3 a6 13. a4 Bc6 14. Ncd5 e6 15. Nxf6+ Bxf6 16. O-O Bxg2 17. Kxg2 a5 18. Bc3 Qb6 19. Qc2 Bg7 20. Qb2 Rfd8 21. Bd4 Qc6+ 22. Kg1 f6 23. Ng2 Qc7 24. Nf4 Kf7 25. Rfd1 Bf8 26. Qc3 Be7 27. Qe3 b6 28. Rc3 g5 29. Bxe5 dxe5 30. Nd3 Rd4 31. Rcc1 Rbd8 32. Qf3 e4 33. Qh5+ Kg7 34. Nb2 Rd2 35. Rxd2 Rxd2 36. Rd1 e3 37. Rxd2 exd2 38. e3 Qd7 39. Qe2 Bb4 40. g4 e5 41. e4 Qd4 42. Nd1 Qa1 43. Kg2 Qb1 44. Qf3 Qc2 45. Kg3 Be7 46. h3 Kf8 47. Kg2 Ke8 48. Kf1 Kd7 49. Ke2 Ke8 50. Qd3 Qa2 51. Ne3 Bb4 52. Nd5 Qa1 53. Nc7+ Ke7 54. Nd5+ Kf7 0-1

[Event "10th LCC FIDE Open 2018"]
[Site "London"]
[Date "2018.12.16"]
[Round "9"]
[White "Signorelli, Gaetano"]
[Black "Head, Louise"]
[Result "1-0"]
[ECO "B12"]
[WhiteElo "2222"]
[BlackElo "2079"]
[Annotator "NA"]
[PlyCount "109"]
[EventDate "2018.12.09"]
[EventType "swiss"]
[EventCountry "ENG"]
[SourceTitle "playchess.com"]
[Source "ChessBase"]
[SourceQuality "1"]
[TimeControl "40/5400+30:1800+30"]

1. e4 c6 2. d4 d5 3. f3 e6 4. Nc3 Bb4 5. Bf4 Ne7 6. Qd3 Nd7 7. O-O-O Nb6 8. Qe3 a5 9. h4 Nc4 10. Bxc4 dxc4 11. d5 cxd5 12. Nb5 O-O 13. a3 d4 14. Qxd4 Qxd4 15. Rxd4 e5 16. Bxe5 Nc6 17. axb4 Nxe5 18. Nc7 Ra7 19. b5 b6 20. Nd5 Bd7 21. Nxb6 Bxb5 22. Rd5 Nd7 23. Rxb5 Rb8 24. Ne2 Rxb6 25. Rxb6 Nxb6 26. Rd1 g6 27. Rd6 Na4 28. Rd8+ Kg7 29. Rb8 Ra6 30. Rb5 Nb6 31. Nc3 Nd7 32. Kd2 a4 33. Rb4 a3 34. bxa3 Rxa3 35. Rxc4 Nf6 36. Ra4 Rxa4 37. Nxa4 Nh5 38. g4 Nf4 39. Ke3 Ng2+ 40. Kf2 Nxh4 41. f4 g5 42. f5 h5 43. gxh5 g4 44. Kg3 Nf3 45. Kxg4 Ne5+ 46. Kf4 f6 47. Nc5 Kh6 48. Nd3 Nf7 49. Nf2 Kg7 50. Ng4 Nd6 51. Nxf6 Nb5 52. e5 Nd4 53. c4 Nb3 54. Ke4 Kh6 55. Nd7 1-0

[Event "10th LCC FIDE Open 2018"]
[Site "London"]
[Date "2018.12.16"]
[Round "9"]
[White "Hill, Alistair"]
[Black "Price, Gwilym"]
[Result "1/2-1/2"]
[ECO "B45"]
[WhiteElo "2219"]
[BlackElo "2075"]
[Annotator "NA"]
[PlyCount "74"]
[EventDate "2018.12.09"]
[EventType "swiss"]
[EventCountry "ENG"]
[SourceTitle "playchess.com"]
[Source "ChessBase"]
[SourceQuality "1"]
[TimeControl "40/5400+30:1800+30"]

1. e4 c5 2. Nf3 e6 3. d4 cxd4 4. Nxd4 Nf6 5. Nc3 Nc6 6. Nxc6 bxc6 7. e5 Nd5 8. Ne4 Qc7 9. f4 Qb6 10. c4 Bb4+ 11. Ke2 f5 12. exf6 Nxf6 13. Be3 Qa5 14. Nd6+ Bxd6 15. Qxd6 Kf7 16. Qc5 Qc7 17. Rd1 d5 18. Ke1 Re8 19. Be2 Ba6 20. cxd5 exd5 21. Bxa6 Qxf4 22. Rd3 d4 23. Qxd4 Rxe3+ 24. Kd1 Rxd3+ 25. Qxd3 Qc7 26. Bc4+ Kf8 27. Qa3+ Qe7 28. Qxe7+ Kxe7 29. Kc2 Kd6 30. Re1 Nd5 31. Bxd5 cxd5 32. Rf1 Rc8+ 33. Kd2 Rc7 34. Rf3 Ke5 35. Ra3 Ke4 36. Re3+ Kd4 37. Rd3+ Ke5 1/2-1/2

[Event "10th LCC FIDE Open 2018"]
[Site "London"]
[Date "2018.12.16"]
[Round "9"]
[White "Stoyanov, Viktor"]
[Black "Bhawoodien, Mohamed Ozayr"]
[Result "0-1"]
[ECO "A45"]
[WhiteElo "2205"]
[BlackElo "2123"]
[Annotator "NA"]
[PlyCount "110"]
[EventDate "2018.12.09"]
[EventType "swiss"]
[EventCountry "ENG"]
[SourceTitle "playchess.com"]
[Source "ChessBase"]
[SourceQuality "1"]
[TimeControl "40/5400+30:1800+30"]

1. d4 Nf6 2. Bf4 g6 3. Nc3 d5 4. e3 Bg7 5. h4 h5 6. Nf3 O-O 7. Be2 Bg4 8. Ne5 Bxe2 9. Qxe2 Nbd7 10. O-O-O c5 11. Qb5 cxd4 12. exd4 Nb6 13. Rhe1 Rc8 14. f3 Re8 15. Re2 e6 16. a4 Re7 17. Qb3 Nc4 18. Nb5 a6 19. Na3 b5 20. Nd3 Qa5 21. axb5 Nxa3 22. Qxa3 Qxa3 23. bxa3 axb5 24. Nc5 Ra7 25. Re3 Bf8 26. Be5 Bh6 27. Bxf6 Bxe3+ 28. Kb2 Bh6 29. Rd3 Bf8 30. Rc3 Bd6 31. Kb3 Rac7 32. Kb4 e5 33. Kxb5 Rb8+ 34. Ka6 Rc6+ 35. Ka7 Rb5 36. a4 Bxc5+ 37. dxc5 Rbxc5 38. Rxc5 Rxc5 39. Kb6 Rxc2 40. Bxe5 Re2 41. Bd4 Rd2 42. Kc5 Ra2 43. Kb5 Rxg2 44. a5 g5 45. hxg5 h4 46. a6 Ra2 47. Be5 h3 48. Kb6 h2 49. Bxh2 Rxh2 50. Kc5 Ra2 51. Kxd5 Rxa6 52. Ke5 Kg7 53. Kf5 Ra5+ 54. Kg4 Kg6 55. f4 Ra4 0-1

[Event "10th LCC FIDE Open 2018"]
[Site "London"]
[Date "2018.12.16"]
[Round "9"]
[White "Ethelontis, Alexandros N"]
[Black "Gerlach, Felix Tobias"]
[Result "1-0"]
[ECO "A36"]
[WhiteElo "2187"]
[BlackElo "2050"]
[Annotator "NA"]
[PlyCount "74"]
[EventDate "2018.12.09"]
[EventType "swiss"]
[EventCountry "ENG"]
[SourceTitle "playchess.com"]
[Source "ChessBase"]
[SourceQuality "1"]
[TimeControl "40/5400+30:1800+30"]

1. c4 Nf6 2. g3 g6 3. Bg2 Bg7 4. Nc3 O-O 5. d3 c5 6. a3 Nc6 7. Rb1 a5 8. e3 e6 9. Qb3 Ne5 10. Na4 d5 11. Nxc5 dxc4 12. dxc4 Qc7 13. Na4 Nxc4 14. Ne2 Bd7 15. Nd4 b5 16. Nc3 Rab8 17. Ndxb5 Qc5 18. a4 Nd5 19. O-O Bxb5 20. Nxb5 Nc7 21. Qc2 Nxb5 22. axb5 Qxb5 23. b3 Rfc8 24. Qa2 a4 25. b4 Bf8 26. Rd1 Bxb4 27. Bf1 Qc6 28. Rd4 Ne5 29. Rdxb4 Rxb4 30. Rxb4 Qxc1 31. Rxa4 Nf3+ 32. Kg2 Nd2 33. Bd3 Qd1 34. Rf4 Rc1 35. Qa8+ Kg7 36. Qa7 Qh1+ 37. Kh3 Rc2 1-0

[Event "10th LCC FIDE Open 2018"]
[Site "London"]
[Date "2018.12.16"]
[Round "9"]
[White "Britton, Richard L"]
[Black "Cherniaev, Alexander"]
[Result "0-1"]
[ECO "B06"]
[WhiteElo "2186"]
[BlackElo "2393"]
[Annotator "NA"]
[PlyCount "108"]
[EventDate "2018.12.09"]
[EventType "swiss"]
[EventCountry "ENG"]
[SourceTitle "playchess.com"]
[Source "ChessBase"]
[SourceQuality "1"]
[TimeControl "40/5400+30:1800+30"]

1. e4 g6 2. d4 Bg7 3. Nc3 a6 4. f4 b5 5. Nf3 d6 6. Bd3 Nd7 7. O-O c5 8. Be3 Ngf6 9. h3 c4 10. Be2 Bb7 11. e5 Nd5 12. Qd2 N7b6 13. Nxd5 Bxd5 14. c3 e6 15. Nh2 f5 16. exf6 Qxf6 17. Rae1 O-O 18. Bd1 Rae8 19. Bc2 Qe7 20. Bf2 Rf7 21. Bg3 Qf8 22. Bb1 Nd7 23. Ng4 Nf6 24. Nxf6+ Bxf6 25. Rf2 Bg7 26. Be4 Bxe4 27. Rxe4 d5 28. Ree2 Rb7 29. Qe1 Rb6 30. Rf3 b4 31. Bh2 bxc3 32. bxc3 Qf7 33. g4 Qb7 34. Rf1 Kh8 35. Kh1 Rf8 36. Rxe6 Rxe6 37. Qxe6 Qb2 38. f5 Qxc3 39. f6 Bh6 40. g5 Qd3 41. Qe1 Bxg5 42. f7 h5 43. Kg2 Qe3 44. Qxe3 Bxe3 45. Be5+ Kh7 46. Rf3 Bd2 47. Kf2 Bb4 48. Rf6 c3 49. Ke2 Rc8 50. Rf1 Ba3 51. Bf4 c2 52. h4 Kg7 53. Be5+ Kf8 54. Bf4 c1=Q 0-1

[Event "10th LCC FIDE Open 2018"]
[Site "London"]
[Date "2018.12.16"]
[Round "9"]
[White "Sumit, Kumar"]
[Black "Sedykh, Mikhail"]
[Result "1/2-1/2"]
[ECO "B31"]
[WhiteElo "2179"]
[BlackElo "2118"]
[Annotator "NA"]
[PlyCount "34"]
[EventDate "2018.12.09"]
[EventType "swiss"]
[EventCountry "ENG"]
[SourceTitle "playchess.com"]
[Source "ChessBase"]
[SourceQuality "1"]
[TimeControl "40/5400+30:1800+30"]

1. e4 c5 2. Nf3 Nc6 3. Bb5 g6 4. O-O Bg7 5. Re1 Nf6 6. c3 O-O 7. d3 a6 8. Bxc6 dxc6 9. Qc2 Nd7 10. Be3 e5 11. Nbd2 Qe7 12. d4 cxd4 13. cxd4 exd4 14. Bxd4 Bxd4 15. Nxd4 Qc5 16. N2b3 Qxc2 17. Nxc2 Ne5 1/2-1/2

[Event "10th LCC FIDE Open 2018"]
[Site "London"]
[Date "2018.12.16"]
[Round "9"]
[White "Ogunshola, Ben"]
[Black "Coote, Trevor D"]
[Result "1/2-1/2"]
[ECO "D34"]
[WhiteElo "2172"]
[BlackElo "2057"]
[Annotator "NA"]
[PlyCount "81"]
[EventDate "2018.12.09"]
[EventType "swiss"]
[EventCountry "ENG"]
[SourceTitle "playchess.com"]
[Source "ChessBase"]
[SourceQuality "1"]
[TimeControl "40/5400+30:1800+30"]

1. c4 e6 2. Nf3 d5 3. b3 c5 4. g3 Nc6 5. Bg2 Nf6 6. O-O Be7 7. cxd5 exd5 8. d4 O-O 9. Nc3 Be6 10. Bb2 h6 11. Rc1 Qd7 12. Ne5 Qd8 13. Nxc6 bxc6 14. dxc5 Qd7 15. Qd4 Ne8 16. Rfd1 f5 17. e3 Rd8 18. b4 Rb8 19. a3 Bf6 20. Qd2 Nc7 21. Ne2 Bxb2 22. Qxb2 a5 23. Nf4 axb4 24. axb4 Bf7 25. Ra1 g5 26. Nd3 Bh5 27. Rdc1 Rb7 28. Ra4 Ne6 29. Ne5 Qg7 30. Qc3 Be2 31. Bf1 Bxf1 32. Kxf1 f4 33. Nxc6 Qd7 34. Ra6 fxg3 35. hxg3 Nxc5 36. Qxc5 Qh3+ 37. Kg1 Rxf2 38. Qxd5+ Rbf7 39. Ne7+ Kh7 40. Qe4+ R7f5 41. Qxf5+ 1/2-1/2

[Event "10th LCC FIDE Open 2018"]
[Site "London"]
[Date "2018.12.16"]
[Round "9"]
[White "Stigar, Petter"]
[Black "Gschnitzer, Adrian"]
[Result "1/2-1/2"]
[ECO "D32"]
[WhiteElo "2171"]
[BlackElo "2374"]
[Annotator "NA"]
[PlyCount "61"]
[EventDate "2018.12.09"]
[EventType "swiss"]
[EventCountry "ENG"]
[SourceTitle "playchess.com"]
[Source "ChessBase"]
[SourceQuality "1"]
[TimeControl "40/5400+30:1800+30"]

1. Nf3 Nf6 2. c4 c5 3. Nc3 Nc6 4. e3 e6 5. d4 d5 6. cxd5 exd5 7. Bb5 Be6 8. O-O Be7 9. dxc5 Bxc5 10. b3 O-O 11. Bb2 a6 12. Bxc6 bxc6 13. Rc1 Bd6 14. Na4 Rc8 15. Qd4 Qc7 16. Nc5 a5 17. Qh4 Qe7 18. Qd4 Rfe8 19. h3 Bf5 20. Rfd1 Bg6 21. Nh4 Bc7 22. Nxg6 hxg6 23. g3 Bb6 24. Rc2 Qa7 25. Rdc1 Re4 26. Qd3 Re7 27. Bd4 Nd7 28. Nxd7 Bxd4 29. Qxd4 Qxd7 30. Qg4 Re6 31. Rc5 1/2-1/2

[Event "10th LCC FIDE Open 2018"]
[Site "London"]
[Date "2018.12.16"]
[Round "9"]
[White "Russell, Christopher"]
[Black "Ditmas, Hugh"]
[Result "1-0"]
[ECO "B22"]
[WhiteElo "2169"]
[BlackElo "1978"]
[Annotator "NA"]
[PlyCount "79"]
[EventDate "2018.12.09"]
[EventType "swiss"]
[EventCountry "ENG"]
[SourceTitle "playchess.com"]
[Source "ChessBase"]
[SourceQuality "1"]
[TimeControl "40/5400+30:1800+30"]

1. e4 c5 2. c3 Nf6 3. e5 Nd5 4. Nf3 Nc6 5. Bc4 e6 6. d4 cxd4 7. cxd4 d6 8. O-O Be7 9. Qe2 O-O 10. Rd1 Bd7 11. Nc3 Nxc3 12. bxc3 d5 13. Bd3 Rc8 14. Bc2 Qc7 15. Ng5 Bxg5 16. Bxg5 Nxd4 17. Bxh7+ Kxh7 18. Rxd4 Qxc3 19. Rad1 Kg8 20. Bf6 Qc2 21. Qg4 Qg6 22. Qf3 gxf6 23. Rg4 fxe5 24. Qg3 Kg7 25. Qxe5+ f6 26. Rxg6+ Kxg6 27. Qd6 Rfd8 28. Qe7 e5 29. h4 Bg4 30. h5+ Bxh5 31. f3 e4 32. g4 Bxg4 33. fxg4 Kg5 34. Qg7+ Kf4 35. Rf1+ Kg3 36. Qxf6 Rf8 37. Qd6+ Kxg4 38. Rxf8 Rxf8 39. Qxf8 d4 40. Qg7+ 1-0

[Event "10th LCC FIDE Open 2018"]
[Site "London"]
[Date "2018.12.16"]
[Round "9"]
[White "Stone, Andrew M"]
[Black "Lyell, Mark"]
[Result "0-1"]
[ECO "A21"]
[WhiteElo "2157"]
[BlackElo "2317"]
[Annotator "NA"]
[PlyCount "50"]
[EventDate "2018.12.09"]
[EventType "swiss"]
[EventCountry "ENG"]
[SourceTitle "playchess.com"]
[Source "ChessBase"]
[SourceQuality "1"]
[TimeControl "40/5400+30:1800+30"]

1. c4 e5 2. Nc3 Bb4 3. g3 Bxc3 4. bxc3 d6 5. Bg2 Nc6 6. e4 f5 7. Qh5+ g6 8. Qe2 fxe4 9. Bxe4 Nf6 10. Bg2 O-O 11. d3 Bf5 12. Nh3 e4 13. d4 Qd7 14. Nf4 Bg4 15. Qb2 b6 16. Nd5 Na5 17. Ne3 Bf3 18. O-O c5 19. d5 Rae8 20. Re1 Re5 21. Qb5 Qc8 22. Bf1 Rh5 23. Ng2 Ng4 24. h4 Ne5 25. Bg5 Qh3 0-1

[Event "10th LCC FIDE Open 2018"]
[Site "London"]
[Date "2018.12.16"]
[Round "9"]
[White "Bezuidenhout, Roland"]
[Black "Abbas, Daniel"]
[Result "1/2-1/2"]
[ECO "C00"]
[WhiteElo "2145"]
[BlackElo "2280"]
[Annotator "NA"]
[PlyCount "36"]
[EventDate "2018.12.09"]
[EventType "swiss"]
[EventCountry "ENG"]
[SourceTitle "playchess.com"]
[Source "ChessBase"]
[SourceQuality "1"]
[TimeControl "40/5400+30:1800+30"]

1. e4 c5 2. Nf3 e6 3. g3 Nc6 4. Bg2 Nf6 5. Qe2 e5 6. O-O Be7 7. d3 d6 8. c3 O-O 9. a3 h6 10. b4 a6 11. Nbd2 Be6 12. Bb2 Rc8 13. Rac1 b5 14. Rfd1 Qb6 15. Nf1 a5 16. bxc5 dxc5 17. Ne3 Rfd8 18. c4 Nd4 1/2-1/2